[Event "Team 45 45 League T26"]
[Site "Free Internet Chess Server"]
[Date "2005.04.18"]
[Round "5"]
[White "FusterCluck"]
[Black "RomaLavrn"]
[Result "0-1"]
[WhiteElo "1675"]
[BlackElo "1822"]
[TimeControl "2700+45"]

1. Nc3 d5 2. d4 Nf6 3. Bg5 Bf5 4. f3 g6 5. Qd2 Bg7 6. O-O-O O-O 7. Bh6 Nbd7 8. Bxg7 Kxg7 9. g4 Be6 10. h4 c5 11. h5 Rh8 12. e4 dxe4 13. h6+ Kf8 14. g5 Ne8 15. d5 Bf5 16. fxe4 Bg4 17. Be2 Bxe2 18. Ngxe2 Qb6 19. Rhf1 f6 20. Qf4 Qd6 21. gxf6 Nexf6 22. Qxd6 exd6 23. Nf4 Ke7 24. Ne6 Ng4 25. Rf4 Nxh6 26. Rdf1 Ne5 27. Nb5 a6 28. Nbc7 Rac8 29. Kd2 Nhf7 30. a3 h5 31. b4 cxb4 32. axb4 g5 33. R4f2 g4 34. b5 axb5 35. Nxb5 Nf3+ 36. Ke3 N7e5 37. Nbd4 Rc3+ 38. Kf4 Nxd4 39. Nxd4 g3 40. Rg2 Kf6 41. Nf3 Rxf3+ 42. Rxf3 Nxf3 43. Kxf3 h4 44. Rg1 Ke5 45. c3 Rc8 46. Kg4 Rxc3 47. Kxh4 Kxe4   {White resigns} 0-1

[Event "Team 45 45 League T26"]
[Site "Free Internet Chess Server"]
[Date "2005.04.16"]
[Round "5"]
[White "LLIAMAH"]
[Black "thelovegambit"]
[Result "0-1"]
[WhiteElo "1722"]
[BlackElo "1591"]
[TimeControl "2700+45"]

1. c4 Nf6 2. d4 e6 3. Nc3 Bb4 4. a3 Bxc3+ 5. bxc3 b6 6. Bg5 O-O 7. e3 Bb7 8. Nf3 d6 9. Be2 Nbd7 10. O-O Qc8 11. Qc2 c5 12. Rfd1 d5 13. Qb3 Ne4 14. Bh4 Qc7 15. cxd5 exd5 16. Nd2 Nxd2 17. Rxd2 Qd6 18. c4 dxc4 19. Bxc4 Qg6 20. Bg3 Nf6 21. dxc5 Ne4 22. Rdd1 Rad8 23. cxb6 Qxb6 24. Bf4 Qxb3 25. Bxb3 Nc3 26. Re1 Ba6 27. Be5 Ne4 28. f3 Nc5 29. Bc2 Rd2 30. Rac1 Bd3 31. Bb1 Bxb1 32. Rxc5 Bg6 33. Rec1 f6 34. Bd4 Ra2 35. Ra5 a6 36. Rxa6 Rb8 37. Ra4 Be8 38. Rb4 Ra8 39. Rb3 R2xa3 40. Rxa3 Rxa3 41. Kf2 Kf7 42. f4 Ke6 43. g4 g6 44. Rc6+ Bxc6 45. Kg3 f5 46. h3 Kd5 47. Kh4 fxg4 48. hxg4 Ke6 49. Kg5 Kf7 50. f5 Ra5 51. Kf4 h5 52. fxg6+ Kxg6 53. gxh5+ Rxh5 54. Kg3 Kf5 55. Kf2 Ke4 56. Ke1 Bb5 57. Kd2 Rh2+ 58. Kc3 Kd5 59. Kb4 Bd7 60. Kc3 Rh1 61. Kb4 Rc1 62. Kb3 Rc4 63. Bc3 Ba4+ 64. Kb2 Ke4 65. Bd4 Kd3 66. Ka3 Kc2 67. Bc5 Bb5 68. Ka2 Rxc5 69. e4 Bd3 70. Ka3 Bxe4   {White resigns} 0-1

[Event "Team 45 45 League T26"]
[Site "Free Internet Chess Server"]
[Date "2005.04.16"]
[Round "5"]
[White "Aul"]
[Black "jjgsmm"]
[Result "0-1"]
[WhiteElo "1589"]
[BlackElo "1521"]
[TimeControl "2700+45"]

1. d4 Nf6 2. e3 g6 3. Bd3 Bg7 4. Nd2 O-O 5. f4 e6 6. Ngf3 Nc6 7. c3 d6 8. O-O Ne7 9. e4 Re8 10. e5 Nfd5 11. Ne4 Nf5 12. Qe2 Bh6 13. g4 Bxf4 14. gxf5 Bxc1 15. Raxc1 exf5 16. Ned2 dxe5 17. dxe5 Nf4 18. Qe3 Nxd3 19. Rb1 Nxe5 20. Nxe5 f6 21. Nc6 bxc6 22. Qf4 Ba6 23. Rf3 Bd3 24. Rc1 Be4 25. Rh3 Qd6 26. Qh6 Qc5+ 27. Kf1 Qe7 28. Re1 Qg7 29. Qh4 Bd5 30. Rhe3 Rxe3 31. Rxe3 Qf7 32. b3 Kg7 33. c4 g5 34. Qe1 Be4 35. Nxe4 fxe4 36. Rxe4 Kf8 37. Qb4+ Kg8 38. Re7 Qg6 39. Qb7 Qf5+ 40. Kg2 Qc2+ 41. Kg3 Qd3+ 42. Kf2 Qf5+ 43. Kg3 Rd8 44. Qxa7 Qf4+ 45. Kg2 Rd2+ 46. Kg1 Qxh2+ 47. Kf1 Qh1+ 48. Qg1 Rd1+   {White resigns} 0-1

[Event "Team 45 45 League T26"]
[Site "Free Internet Chess Server"]
[Date "2005.04.16"]
[Round "5"]
[White "PawnSensei"]
[Black "maglover"]
[Result "1/2-1/2"]
[WhiteElo "1406"]
[BlackElo "1543"]
[TimeControl "2700+45"]

1. e4 e5 2. d4 exd4 3. Qxd4 Nc6 4. Qe3 b6 5. Bc4 Bc5 6. Qf3 Ne5 7. Qb3 Nxc4 8. Qxc4 Bb7 9. Nf3 Nf6 10. Nc3 O-O 11. Bg5 Be7 12. O-O Ne8 13. Bxe7 Qxe7 14. Rfe1 c5 15. Rad1 Nd6 16. Nd5 Bxd5 17. Qxd5 Nb5 18. Qxd7 Qxd7 19. Rxd7 Rad8 20. Red1 Rxd7 21. Rxd7 g6 22. c4 Nd4 23. Nxd4 cxd4 24. Rxd4 Rc8 25. b4 f6 26. f4 Kf7 27. e5 fxe5 28. fxe5 Ke6 29. Re4 Kf5 30. Re2 Rxc4 31. e6 Rc8 32. e7 Re8 33. Kf2 Kf6 34. g4 a5 35. bxa5 bxa5 36. a4 g5 37. Kf3 Rxe7 38. Rxe7 Kxe7 39. Ke4 Ke6 40. h3 h6 41. Kd4 Kd6 42. Ke4 Ke6 43. Kd4 Kd6 44. Kc4 Kc6 45. Kb3 Kb6   {Game drawn by mutual agreement} 1/2-1/2

[Event "Team 45 45 League T26"]
[Site "Free Internet Chess Server"]
[Date "2005.04.16"]
[Round "5"]
[White "mrlount"]
[Black "twinders"]
[Result "0-1"]
[WhiteElo "1655"]
[BlackElo "1628"]
[TimeControl "2700+45"]

1. e4 c5 2. Nf3 d6 3. d4 cxd4 4. Nxd4 Nf6 5. Nc3 a6 6. Be2 e6 7. O-O Be7 8. Be3 O-O 9. Kh1 Nbd7 10. f4 Qc7 11. Bf3 Rb8 12. Qd2 b5 13. a3 Bb7 14. f5 exf5 15. Nxf5 Nc5 16. Nxe7+ Qxe7 17. Bg5 Qe6 18. Rae1 Nfxe4 19. Nxe4 Nxe4 20. Bxe4 Bxe4 21. Qf4 d5 22. Rf3 Qg6 23. Rg3 Qe6 24. Bh6 g6 25. Bxf8 Rxf8 26. Ree3 Qc6 27. c3 Qc4 28. Re1 Bxg2+ 29. Kxg2 Qxf4 30. Rf3 Qd2+ 31. Kf1 Qxb2 32. Re2 Qxa3 33. Kf2 Qc5+ 34. Rfe3 d4 35. cxd4 Qxd4 36. Kf3 Ra8 37. Re7 a5 38. Rc7 Qd5+ 39. Kf2 Qd4+ 40. Kf3 Qd3+ 41. Kf2 a4 42. Ree7 Qf5+ 43. Ke3 a3   {White resigns} 0-1

[Event "Team 45 45 League T26"]
[Site "Free Internet Chess Server"]
[Date "2005.04.17"]
[Round "5"]
[White "xplan"]
[Black "rgadoury"]
[Result "1-0"]
[WhiteElo "1541"]
[BlackElo "1425"]
[TimeControl "2700+45"]

1. e4 c5 2. Nc3 Nc6 3. Nf3 a6 4. d4 cxd4 5. Nxd4 d6 6. Be3 Nf6 7. Bd3 e5 8. Nf3 Bg4 9. h3 Bh5 10. O-O Be7 11. Be2 Bg6 12. Bd3 b5 13. Nh4 Nb4 14. Nf5 Bxf5 15. exf5 Nxd3 16. Qxd3 h5 17. Rad1 Rc8 18. Bg5 Rc6 19. Bxf6 Bxf6 20. Ne4 Be7 21. c3 f6 22. Qf3 Qc7 23. Qg3 Kf8 24. Rd3 Qc8 25. Qf3 h4 26. Rfd1 Rh5 27. Qxh5   {Black resigns} 1-0

[Event "Team 45 45 League T26"]
[Site "Free Internet Chess Server"]
[Date "2005.04.15"]
[Round "5"]
[White "emmanuelaugustus"]
[Black "mandragora"]
[Result "1/2-1/2"]
[WhiteElo "1739"]
[BlackElo "1802"]
[TimeControl "2700+45"]

1. e4 e5 2. Nf3 Nc6 3. Bb5 a6 4. Ba4 Nf6 5. O-O Nxe4 6. Re1 Nc5 7. Bxc6 dxc6 8. Rxe5+ Be7 9. Qe1 Ne6 10. c3 O-O 11. d4 Re8 12. Na3 Bd7 13. Re2 Bd6 14. Nc4 Bf4 15. Nce5 Bxc1 16. Rxc1 Bc8 17. Rd1 Nf8 18. Qd2 f6 19. Nd3 Rxe2 20. Qxe2 Bf5 21. Nb4 Qd7 22. d5 Re8 23. Qc4 Be6 24. Rd4 cxd5 25. Nxd5 Qf7 26. Qc5 b6 27. Qc6 Bxd5 28. Rxd5 Re2 29. Nd2 Re1+ 30. Nf1 Qe6 31. Qxe6+ Nxe6 32. Rd7 Kf8 33. g3 Ke8 34. Rd2 Ng5 35. Kg2 Ne4 36. Rc2 Kd7 37. Ne3 Nd6 38. Rd2 Ke6 39. Nd5 Kd7 40. Ne3 Ke6 41. Nd5 Kd7 42. Ne3   {Game drawn by mutual agreement} 1/2-1/2

[Event "Team 45 45 League T26"]
[Site "Free Internet Chess Server"]
[Date "2005.04.19"]
[Round "5"]
[White "fernbap"]
[Black "malevolentmick"]
[Result "0-1"]
[WhiteElo "1656"]
[BlackElo "1735"]
[TimeControl "2700+45"]

1. Nf3 d5 2. c4 e6 3. b3 Nf6 4. Bb2 Bd6 5. e3 O-O 6. Nc3 Qe7 7. Nb5 Nbd7 8. Nxd6 cxd6 9. cxd5 Nxd5 10. Qc2 b6 11. a3 Bb7 12. d4 Rfc8 13. Qd2 N5f6 14. Be2 Ne4 15. Qd3 Ndf6 16. b4 Nd5 17. Qxe4 Nxb4 18. Qb1 Nc2+ 19. Kd2 Nxa1 20. Bxa1 e5 21. Rc1 Re8 22. Ke1 Rad8 23. Qb4 Qe6 24. dxe5 dxe5 25. Kf1 Qg6 26. Qh4 Rd7 27. Qh3 Red8 28. Ne1 Rd2 29. Bxe5 Rxe2 30. Kxe2 Ba6+ 31. Kf3 Bb7+ 32. Ke2 Ba6+ 33. Kf3 Bb7+ 34. Kf4 Qe4+ 35. Kg3 Qxe5+ 36. Kh4 Qf6+ 37. Kg3 Qe5+ 38. Kh4 g5+   {White resigns} 0-1

[Event "Team 45 45 League T26"]
[Site "Free Internet Chess Server"]
[Date "2005.04.16"]
[Round "5"]
[White "HotDonut"]
[Black "cerebero"]
[Result "0-1"]
[WhiteElo "1919"]
[BlackElo "1831"]
[TimeControl "2700+45"]

1. e4 c6 2. d4 d5 3. Nc3 dxe4 4. Nxe4 Bf5 5. Ng3 Bg6 6. Nf3 e6 7. h4 h6 8. h5 Bh7 9. Bd3 Bxd3 10. Qxd3 Bd6 11. Ne4 Nf6 12. Nxd6+ Qxd6 13. Rh4 Nbd7 14. Bf4 Qd5 15. O-O-O Qxa2 16. c4 Nb6 17. c5 Nbd5 18. Be5 Nb4 19. Qa3 Qc4+ 20. Qc3 Na2+   {White resigns} 0-1

[Event "Team 45 45 League T26"]
[Site "Free Internet Chess Server"]
[Date "2005.04.16"]
[Round "5"]
[White "MStav"]
[Black "zcomcon"]
[Result "1-0"]
[WhiteElo "1686"]
[BlackElo "1696"]
[TimeControl "2700+45"]

1. d4 e6 2. Nf3 f5 3. g3 Nf6 4. Bg2 c6 5. Nbd2 g6 6. b3 d5 7. O-O Nbd7 8. a4 c5 9. Bb2 Bg7 10. c4 O-O 11. Rc1 cxd4 12. Bxd4 dxc4 13. Rxc4 Nd5 14. Qa1 Bxd4 15. Nxd4 e5 16. Ne6 Qb6 17. Bxd5   {Black resigns} 1-0

[Event "Team 45 45 League T26"]
[Site "Free Internet Chess Server"]
[Date "2005.04.13"]
[Round "5"]
[White "alexeypopov"]
[Black "twinders"]
[Result "1/2-1/2"]
[WhiteElo "1604"]
[BlackElo "1627"]
[TimeControl "2700+45"]

1. e4 c5 2. Nf3 d6 3. Bc4 Nf6 4. d4 cxd4 5. Qxd4 Nc6 6. Qd3 e6 7. O-O Be7 8. Bb5 O-O 9. Bxc6 bxc6 10. e5 dxe5 11. Qxd8 Bxd8 12. Nxe5 Bb7 13. Nc3 Nd5 14. Ne4 Bc7 15. Nc4 Ba6 16. Ned2 Bf4 17. Re1 Nb4 18. Na3 Rfd8 19. Nf3 Bc7 20. Be3 Rd7 21. c3 Nd5 22. Bd4 Bd3 23. Ne5 Bxe5 24. Bxe5 Rad8 25. Red1 Be2 26. Rd2 Ba6 27. Nc2 c5 28. Rad1 Nb6 29. Rxd7 Rxd7 30. Rxd7 Nxd7 31. Bd6 Bd3 32. Ne3 a6 33. g3 f5 34. f4 Kf7 35. Kf2 Bb1 36. a3 Bd3 37. b4 cxb4 38. axb4 Nb6 39. Bc7 Nd5 40. Nxd5 exd5 41. Ke3 Bc4 42. Kd4 Ke6 43. h4 g6 44. Be5   {Game drawn by mutual agreement} 1/2-1/2

[Event "Team 45 45 League T26"]
[Site "Free Internet Chess Server"]
[Date "2005.04.14"]
[Round "5"]
[White "Akavall"]
[Black "bahus"]
[Result "1-0"]
[WhiteElo "1881"]
[BlackElo "1854"]
[TimeControl "2700+45"]

1. e4 e5 2. Nf3 Nf6 3. Nc3 Nc6 4. Bc4 Nxe4 5. Nxe4 d5 6. Bxd5 Qxd5 7. Nc3 Qa5 8. O-O Bg4 9. h3 Bh5 10. g4 Bg6 11. d3 O-O-O 12. a3 e4 13. Ne1 Qe5 14. f4 exf3 15. Qxf3 Bc5+ 16. Kh1 h5 17. g5 Nd4 18. Qe3 Qd6 19. Qd2 Qc6+ 20. Qg2 Qe6 21. Bf4 Nf5 22. Nf3 Ne3 23. Bxe3 Qxe3 24. Rfe1 Qf4 25. Ne5 c6 26. Nxc6 bxc6 27. Qxc6+ Qc7 28. Qa8+ Kd7 29. Qd5+ Bd6 30. Nb5 Qc6 31. Re7+   {Black resigns} 1-0

[Event "Team 45 45 League T26"]
[Site "Free Internet Chess Server"]
[Date "2005.04.14"]
[Round "5"]
[White "Berk"]
[Black "ButiOxa"]
[Result "0-1"]
[WhiteElo "1694"]
[BlackElo "1746"]
[TimeControl "2700+45"]

1. e4 e5 2. Nf3 Nc6 3. Bb5 a6 4. Ba4 Nf6 5. O-O b5 6. Bb3 Be7 7. Re1 d6 8. c3 O-O 9. d4 Bg4 10. Bg5 Bxf3 11. Qxf3 exd4 12. Bxf6 Bxf6 13. Bd5 dxc3 14. Nxc3 Nd4 15. Qd3 c6 16. Bb3 c5 17. Bd5 Ra7 18. Ne2 c4 19. Qd1 Ne6 20. Rb1 Qb6 21. Kf1 Nc5 22. Nc1 Na4 23. Qc2 Rc7 24. Ne2 Nc5 25. Nc1 Rfc8 26. Re3 Nd7 27. Ne2 Ne5 28. Nf4 Bg5 29. g3 Ng4 30. Re2 Bxf4 31. gxf4 Nxh2+ 32. Kg2 Ng4 33. Rh1 Qd4 34. Rd2 Qf6 35. Kf3 c3 36. e5 Nxe5+ 37. Ke2 Ng6   {White resigns} 0-1

[Event "Team 45 45 League T26"]
[Site "Free Internet Chess Server"]
[Date "2005.04.17"]
[Round "5"]
[White "threeNT"]
[Black "RFFISCHER"]
[Result "1-0"]
[WhiteElo "1714"]
[BlackElo "1631"]
[TimeControl "2700+45"]

1. e4 c5 2. Nf3 Nc6 3. d4 cxd4 4. Nxd4 Nf6 5. Nc3 e5 6. Ndb5 a6 7. Nd6+ Bxd6 8. Qxd6 Qe7 9. Qxe7+ Nxe7 10. Bg5 Nfg8 11. O-O-O f6 12. Be3 b5 13. Be2 h5 14. Rd2 Bb7 15. Rhd1 Bc6 16. Bc5 Rb8 17. Bd6 Rb7 18. Bb4 Ra7 19. g3 Nh6 20. h3 Nf7 21. f4 a5 22. Bxe7 Kxe7 23. Nxb5 Bxb5 24. Bxb5 d6 25. fxe5 fxe5 26. Bc4 Ng5 27. Rxd6 h4 28. g4 Rf8 29. Rg6 Nf7 30. Rxg7 Kf6 31. Rxf7+ Rfxf7 32. Bxf7 Kxf7 33. Rd5 Ke6 34. c4 a4 35. g5 a3 36. b4 Rg7 37. c5 Rxg5 38. Rd6+ Ke7 39. b5 Rg1+ 40. Kc2 Rg2+ 41. Kb3 Rg3+ 42. Kc4 Rg2 43. Kb3 Rb2+ 44. Kxa3 Rxb5 45. Rd5 Ke6 46. c6 Rb8 47. c7 Rc8 48. Rc5 Kd6 49. Rc4 Rxc7 50. Rxc7 Kxc7 51. Kb4 Kc6 52. Kc4 Kd6 53. a4 Kc6 54. a5 Kd6 55. Kb5 Ke6 56. Kc5 Kf6 57. a6 Kg5 58. a7 Kf4 59. Kd5 Kg3 60. a8=Q Kxh3 61. Kxe5 Kg2 62. Kf5 h3 63. e5+ Kg1 64. e6   {Black resigns} 1-0

[Event "Team 45 45 League T26"]
[Site "Free Internet Chess Server"]
[Date "2005.04.14"]
[Round "5"]
[White "Hartford"]
[Black "ahorse"]
[Result "1-0"]
[WhiteElo "1665"]
[BlackElo "1618"]
[TimeControl "2700+45"]

1. c4 Nf6 2. Nc3 g6 3. d4 Bg7 4. e4 O-O 5. e5 Ne8 6. Nf3 d6 7. Bf4 c5 8. dxc5 Qa5 9. cxd6 exd6 10. exd6 Nd7 11. Qc2 Nc5 12. Rd1 Bf5 13. Qd2 Rd8 14. Be2 Nf6 15. O-O Rfe8 16. Rfe1 Qa6 17. b4 Nce4 18. Nxe4 Nxe4 19. b5 Qa3 20. Qe3 Qxa2 21. Ne5 Nxd6 22. c5 Bxe5 23. Bxe5 Nc4 24. Bxc4 Qxc4 25. Bf6 Rxe3 26. Rxd8+ Re8 27. Rexe8#   {Black checkmated} 1-0

[Event "Team 45 45 League T26"]
[Site "Free Internet Chess Server"]
[Date "2005.04.15"]
[Round "5"]
[White "Regnmanden"]
[Black "Nogger"]
[Result "1/2-1/2"]
[WhiteElo "2201"]
[BlackElo "2182"]
[TimeControl "2700+45"]

1. d4 e6 2. Nf3 d5 3. c4 Nf6 4. Bg5 Be7 5. Nc3 O-O 6. e3 Nbd7 7. cxd5 Nxd5 8. Bxe7 Qxe7 9. Bd3 Nxc3 10. bxc3 c5 11. O-O h6 12. Re1 e5 13. Qc2 Re8 14. Be4 Rb8 15. Rab1 b6 16. Bc6 e4 17. Ne5 Nxe5 18. Bxe8 Nd3 19. Bc6 Nxe1 20. Qxe4 Qxe4 21. Bxe4 Nxg2 22. Kxg2 cxd4 23. cxd4 Bd7 24. Rc1 Rc8 25. Rxc8+ Bxc8 26. Kf3 Kf8 27. Bd3   {Game drawn by mutual agreement} 1/2-1/2

[Event "Team 45 45 League T26"]
[Site "Free Internet Chess Server"]
[Date "2005.04.16"]
[Round "5"]
[White "Bengbula"]
[Black "adingod"]
[Result "1/2-1/2"]
[WhiteElo "2077"]
[BlackElo "1780"]
[TimeControl "2700+45"]

1. d4 d5 2. Nf3 Nf6 3. c4 g6 4. Nc3 Bg7 5. cxd5 Nxd5 6. e4 Nxc3 7. bxc3 O-O 8. Rb1 c5 9. Be2 Qa5 10. Bd2 Qxa2 11. O-O cxd4 12. cxd4 Qe6 13. Qc2 b6 14. Rfc1 Ba6 15. Bxa6 Nxa6 16. Qd3 Nb8 17. Rc7 a5 18. Bg5 Nd7 19. d5 Qd6 20. Qc2 Rfe8 21. Bh4 a4 22. Bg3 e5 23. Nd4 Nc5 24. Nb5 Qd8 25. f3 Ra5 26. Qc4 Rf8 27. Rc6 Nb3 28. Be1 Ra8 29. Bb4 Na5 30. Bxa5 Rxa5 31. Nd6 Qg5 32. Qc3 a3 33. Rcxb6 Raa8 34. Ra1 a2 35. Rb2 Qe7 36. Nb5 Rfb8 37. d6 Qd8 38. Qc7 Qh4 39. g3 Qf6 40. Kg2 Bf8 41. d7 Bd6 42. Qc6 Be7 43. Qxf6 Bxf6 44. Rc2 Rd8 45. Nc7 Ra7   {Game drawn by mutual agreement} 1/2-1/2

[Event "Team 45 45 League T26"]
[Site "Free Internet Chess Server"]
[Date "2005.04.19"]
[Round "5"]
[White "qire"]
[Black "fege"]
[Result "1/2-1/2"]
[WhiteElo "1955"]
[BlackElo "2102"]
[TimeControl "2700+45"]

1. e4 e6 2. d4 d5 3. Nd2 Nf6 4. Bd3 c5 5. e5 Nfd7 6. c3 Nc6 7. Ne2 cxd4 8. cxd4 f6 9. exf6 Nxf6 10. O-O Bd6 11. Nf3 Qc7 12. Nc3 a6 13. Bg5 O-O 14. Rc1 Ng4 15. h3 Nh2 16. Nxh2 Bxh2+ 17. Kh1 Bf4 18. Bxf4 Qxf4 19. Ne2 Qh4 20. f4 Bd7 21. Kh2 Rf6 22. Qe1 Qh6 23. Qg3 Nb4 24. Rc7 Bc6 25. Bb1 Bb5 26. Rf2 Bxe2 27. Rxe2 Nc6 28. Qe3 Qxf4+ 29. Qxf4 Rxf4 30. Rxe6 Raf8 31. Rd6 R8f7 32. Rxf7 Kxf7 33. Rxd5 Rxd4 34. Rf5+ Ke6 35. Rf3 g6 36. Bc2 Rd2 37. Bb3+ Ke5 38. Rf7 h5 39. Rxb7 Nd4 40. h4 Nf5 41. Rb6 Nxh4 42. Rxa6 Nxg2 43. Bf7 Nf4+ 44. Kg1 h4 45. Ra5+ Kf6 46. Bc4 Rxb2 47. Rb5 Rxb5 48. Bxb5 Nd5 49. a4 Ke5 50. a5 Kf4 51. a6 Nb6 52. a7 g5 53. Bc6 g4 54. a8=Q Nxa8 55. Bxa8 h3 56. Kh2 g3+ 57. Kxh3 g2 58. Kxg2   {Neither player has mating material} 1/2-1/2

[Event "Team 45 45 League T26"]
[Site "Free Internet Chess Server"]
[Date "2005.04.16"]
[Round "5"]
[White "LNO"]
[Black "RussoTuristo"]
[Result "0-1"]
[WhiteElo "1862"]
[BlackElo "1862"]
[TimeControl "2700+45"]

1. e4 c5 2. d4 cxd4 3. c3 dxc3 4. Nxc3 e6 5. Nf3 d6 6. Bc4 Nc6 7. O-O Nge7 8. Bg5 Qd7 9. Qe2 Ng6 10. Rfd1 h6 11. Be3 Be7 12. Rac1 O-O 13. Qd2 a6 14. a3 Nce5 15. Nxe5 Nxe5 16. Be2 b5 17. b3 Bb7 18. f4 Ng6 19. b4 Rac8 20. Rf1 f5 21. e5 d5 22. Bh5 Nh8 23. Ne2 g6 24. Bf3 Nf7 25. Nd4 Kh7 26. Qf2 Rxc1 27. Rxc1 Rc8 28. Re1 Nd8 29. h4 Nc6 30. h5 g5 31. fxg5 hxg5 32. Nxc6 Rxc6 33. Qg3 Kh6 34. Qf2 Qc8 35. Qb2 Rc2 36. Qb1 Qc4 37. g4 d4 38. Bxb7 dxe3 39. Bf3 Rd2 40. gxf5 Qh4 41. Re2 Qg3+ 42. Rg2 Qxf3 43. Rxd2 exd2 44. f6 d1=Q+   {White resigns} 0-1

[Event "Team 45 45 League T26"]
[Site "Free Internet Chess Server"]
[Date "2005.04.17"]
[Round "5"]
[White "BladezII"]
[Black "AlefZero"]
[Result "1-0"]
[WhiteElo "2180"]
[BlackElo "2163"]
[TimeControl "2700+45"]

1. d4 e6 2. e4 d5 3. Nc3 Nf6 4. e5 Ng8 5. f4 Nh6 6. Nf3 b6 7. Bd3 Ba6 8. g4 Nxg4 9. f5 Bxd3 10. Qxd3 Nc6 11. h3 Nh6 12. Bxh6 gxh6 13. Rg1 Qd7 14. a3 O-O-O 15. f6 Kb7 16. b4 h5 17. Rg5 h6 18. Rg2 a5 19. b5 Na7 20. h4 c6 21. bxc6+ Qxc6 22. Nd2 Rc8 23. Rg3 Ka8 24. Ra2 Rc7 25. Qf3 Nb5 26. Nxb5 Qxb5 27. a4 Qa6 28. c3 Qc8 29. Rb2 Ka7 30. Nb1 Qd7 31. Qd1 Rc4 32. Rb5 Qc6 33. Qb3 Ka6 34. Nd2 Rxa4 35. Rxb6+ Qxb6 36. Qxa4 Qb5 37. Qc2 a4 38. Kf2 a3 39. c4 dxc4 40. Nxc4 Bb4 41. Nxa3 Qb6 42. Qc4+ Ka5 43. Ke2 Qa6 44. Qxa6+ Kxa6 45. Nc2 Ba5 46. Rg7 Rc8 47. Ne3 Rc7 48. d5 exd5 49. e6 Bb4 50. Nxd5 Rc2+ 51. Kf3 Bd6 52. e7 Rc8 53. Rxf7 Kb5 54. Rh7 Kc5 55. f7   {Black resigns} 1-0

[Event "Team 45 45 League T26"]
[Site "Free Internet Chess Server"]
[Date "2005.04.16"]
[Round "5"]
[White "ZaKrzutek"]
[Black "Ninaber"]
[Result "1-0"]
[WhiteElo "2175"]
[BlackElo "2110"]
[TimeControl "2700+45"]

1. e4 e5 2. Nf3 Nc6 3. d4 exd4 4. Nxd4 Bc5 5. Nxc6 Qf6 6. Qf3 dxc6 7. Nc3 Be6 8. Be3 Bb4 9. Bd2 Qxf3 10. gxf3 Nf6 11. a3 Bc5 12. Be3 Bxe3 13. fxe3 Rd8 14. Bd3 O-O 15. Kf2 Nd7 16. f4 Nc5 17. Rad1 Bb3 18. cxb3 Nxd3+ 19. Ke2 Nc5 20. b4 Nd7 21. Rd3 Nb6 22. Rhd1 Rxd3 23. Rxd3 f6 24. b5 c5 25. Nd5 Rf7 26. Nxb6 cxb6 27. Rd8+ Rf8 28. Rd5 Rf7 29. e5 fxe5 30. Rxe5 Kf8 31. f5 Rf6 32. Kf3 Rd6 33. e4 Rd2 34. Rd5 Rxb2 35. Rd7 Rxb5 36. Ke3 Rb3+ 37. Kf4 Rxa3 38. Ke5 h5 39. Kd6 g6 40. f6 b5 41. e5 Rd3+ 42. Ke6 c4 43. Rh7 Kg8 44. f7+ Kxh7 45. f8=Q a6 46. Qf7+ Kh6 47. Qf4+ Kg7 48. Qf6+ Kh7 49. Kf7 Rd7+ 50. Kf8 Rc7 51. e6   {Black resigns} 1-0

[Event "Team 45 45 League T26"]
[Site "Free Internet Chess Server"]
[Date "2005.04.16"]
[Round "5"]
[White "Darmik"]
[Black "CamyC"]
[Result "1-0"]
[WhiteElo "2124"]
[BlackElo "1981"]
[TimeControl "2700+45"]

1. d4 d5 2. c4 e6 3. Nf3 Nf6 4. Nc3 Be7 5. Bg5 O-O 6. e3 b6 7. Qc2 Nbd7 8. cxd5 exd5 9. Bd3 Bb7 10. h4 Re8 11. O-O-O c5 12. Ne5 cxd4 13. exd4 Nxe5 14. dxe5 Ne4 15. Bxe4 Bxg5+ 16. Kb1 Bf4 17. Bxh7+ Kh8 18. Qf5 Bh6 19. Qxf7 Kxh7 20. Qxb7 Rxe5 21. g4 Bf4 22. Nxd5 Bd2 23. Rxd2 Rb8 24. Nf6+ Kg6 25. h5+   {Black resigns} 1-0

[Event "Team 45 45 League T26"]
[Site "Free Internet Chess Server"]
[Date "2005.04.16"]
[Round "5"]
[White "ryoshu"]
[Black "Valiantangel"]
[Result "1-0"]
[WhiteElo "1865"]
[BlackElo "1818"]
[TimeControl "2700+45"]

1. e4 d5 2. Nc3 d4 3. Nce2 e5 4. d3 Nc6 5. g3 Be7 6. Bg2 Nf6 7. h3 O-O 8. Nf3 Be6 9. O-O Nd7 10. Nh2 f5 11. exf5 Rxf5 12. f4 Bc5 13. g4 Rf8 14. f5 Bf7 15. Ng3 Qh4 16. Qe1 Rae8 17. Nf3 Qd8 18. a3 a6 19. Ne4 Ba7 20. Bg5 Qc8 21. Qh4 Bd5 22. Ng3 h6 23. Nh5 Bxf3 24. Bxf3 hxg5 25. Qxg5 Re7 26. Bd5+ Rff7 27. Qxg7#   {Black checkmated} 1-0

[Event "Team 45 45 League T26"]
[Site "Free Internet Chess Server"]
[Date "2005.04.13"]
[Round "5"]
[White "zcomcon"]
[Black "fismoluni"]
[Result "1/2-1/2"]
[WhiteElo "1701"]
[BlackElo "1630"]
[TimeControl "2700+45"]

1. e4 c5 2. f4 d5 3. exd5 Qxd5 4. Nc3 Qd6 5. d3 Nf6 6. Nf3 Nc6 7. h3 e6 8. Nb5 Qd7 9. Nc3 Bd6 10. Qe2 O-O 11. g3 Nd4 12. Nxd4 cxd4 13. Ne4 Bb4+ 14. Bd2 Bxd2+ 15. Qxd2 Nxe4 16. dxe4 f6 17. Bg2 e5 18. f5 b6 19. O-O Ba6 20. Rfe1 Rac8 21. c3 Rfd8 22. cxd4 Qxd4+ 23. Qxd4 Rxd4 24. Bf1 Bb7 25. Bg2 Rc2 26. b3 Rdd2 27. Bf3 Rxa2 28. Rxa2 Rxa2 29. Rd1 Kf8 30. Rd8+ Ke7 31. Rg8 Kf7 32. Rd8 Ke7 33. Rg8 Kf7   {Game drawn by mutual agreement} 1/2-1/2

[Event "Team 45 45 League T26"]
[Site "Free Internet Chess Server"]
[Date "2005.04.13"]
[Round "5"]
[White "ahorse"]
[Black "grabapawn"]
[Result "1-0"]
[WhiteElo "1611"]
[BlackElo "1459"]
[TimeControl "2700+45"]

1. e4 e6 2. d4 d5 3. Nd2 Nc6 4. c3 Nge7 5. Ngf3 a6 6. Bd3 Ng6 7. O-O Be7 8. Re1 e5 9. exd5 Qxd5 10. c4 Qd7 11. d5 Nb4 12. Bb1 a5 13. Nxe5 Qd6 14. Ndf3 Na6 15. Qa4+ Bd7 16. Qxa5 O-O 17. Qd2 Nc5 18. Qc2 Bc8 19. b3 Bf6 20. Bb2 c6 21. b4 Nd7 22. c5 Qxd5 23. Nxg6 fxg6 24. a4 b6 25. Ba2   {Black resigns} 1-0

[Event "Team 45 45 League T26"]
[Site "Free Internet Chess Server"]
[Date "2005.04.17"]
[Round "5"]
[White "JayH"]
[Black "CleverBanana"]
[Result "0-1"]
[WhiteElo "1398"]
[BlackElo "1666"]
[TimeControl "2700+45"]

1. e4 c5 2. Nf3 g6 3. a3 Bg7 4. Bc4 Nf6 5. Ng5 O-O 6. d3 Nc6 7. c3 e6 8. Bf4 d5 9. Ba2 h6 10. e5 Nh5 11. h4 Nxf4 12. Qf3 hxg5 13. Nd2 Nxe5 14. O-O-O Nxf3 15. gxf3 Nxd3+ 16. Kc2 Nxf2   {White resigns} 0-1

[Event "Team 45 45 League T26"]
[Site "Free Internet Chess Server"]
[Date "2005.04.15"]
[Round "5"]
[White "MStav"]
[Black "tjraczko"]
[Result "1-0"]
[WhiteElo "1676"]
[BlackElo "1631"]
[TimeControl "2700+45"]

1. d4 d5 2. Nf3 Nf6 3. Bg5 e6 4. e3 Be7 5. Nbd2 O-O 6. Bd3 c5 7. c3 Nc6 8. Ne5 Ne4 9. Bxe7 Qxe7 10. Nxc6 bxc6 11. Nxe4 c4 12. Bc2 dxe4 13. Bxe4 Bb7 14. Qc2 h6 15. O-O Rab8 16. Qa4 f5 17. Bf3 c5 18. Qxa7 Rfe8 19. Bxb7 Rxb7 20. Qxc5 Qxc5 21. dxc5 Rxb2 22. Rfb1 Reb8 23. Rxb2 Rxb2 24. a4 Kf8 25. a5 Rb8 26. a6 Ke7 27. f4 Kd7 28. a7 Ra8 29. Ra6 g5 30. c6+ Kc7 31. Ra4 g4 32. Kf2 h5 33. Kg3 Kxc6 34. Rxc4+ Kd5 35. Ra4 Kc6 36. Kh4 Kb5 37. Ra3 Kc4 38. Kxh5 Kd3 39. Kg6 Kxe3 40. Kf6 Kxf4 41. Kxe6 Ke4 42. Ra4+ Kd3 43. Kxf5 Kxc3 44. Kxg4   {Black resigns} 1-0

[Event "Team 45 45 League T26"]
[Site "Free Internet Chess Server"]
[Date "2005.04.18"]
[Round "5"]
[White "Lamtarra"]
[Black "KlassAct"]
[Result "1-0"]
[WhiteElo "1607"]
[BlackElo "1395"]
[TimeControl "2700+45"]

1. e4 e5 2. Nf3 Nc6 3. d3 Bc5 4. c3 Nf6 5. g3 d5 6. exd5 Nxd5 7. Nbd2 O-O 8. Ne4 Be7 9. Bg2 Be6 10. O-O Qc8 11. d4 exd4 12. Nxd4 Nxd4 13. Qxd4 Bh3 14. Qxd5   {Black resigns} 1-0

[Event "Team 45 45 League T26"]
[Site "Free Internet Chess Server"]
[Date "2005.04.14"]
[Round "5"]
[White "clarinetref"]
[Black "Triplea"]
[Result "1-0"]
[WhiteElo "1512"]
[BlackElo "1238"]
[TimeControl "2700+45"]

1. Nf3 d5 2. c4 dxc4 3. e4 Nf6 4. Nc3 Bg4 5. Bxc4 e5 6. Qb3 Be6 7. Nxe5 Bxc4 8. Nxc4 b6 9. O-O Bc5 10. Ne5 O-O 11. Qc2 Re8 12. Nf3 Nc6 13. d3 Nd4 14. Nxd4 Qxd4 15. Be3 Qe5 16. Bxc5 Qxc5 17. Qe2 Rad8 18. Rac1 Rd6 19. Nd5 Qd4 20. Nxc7 Rc8 21. Nb5 Qb4 22. Rxc8+ Rd8 23. Rxd8+   {Black resigns} 1-0